 Dungeon Crawl Stone Soup version 0.30-a0-371-gad7725a93e (webtiles) character file.

Game seed: 9312176063952419361

36936 freelancePsychic the Fighter (level 13, -2/98 HPs)
             Began as an Octopode Necromancer on Nov 21, 2022.
             Was an Elder of Sif Muna.
             Slain by a manticore (12 damage)
             ... on level 5 of the Lair of Beasts.
             The game lasted 00:40:43 (19174 turns).

freelancePsychic the Fighter (OpNe)                Turns: 19174, Time: 00:40:43

Health: -2/98      AC:  3    Str:  8    XL:     13   Next: 93%
Magic:  3/22       EV: 17    Int: 22    God:    Sif Muna [****..]
Gold:   886        SH:  0    Dex:  8    Spells: 2/24 levels left

rFire   . . .      SeeInvis .    m - +2 dagger "Jellyslayer" {protect, rN+++ Will+++ Dex-4}
rCold   . . .      Faith    .    (no shield)
rNeg    + + +      Spirit   .    w - +2 hat
rPois   .          Reflect  .    n - amulet of magic regeneration
rElec   .          Harm     .    f - ring of positive energy
rCorr   +          Rampage  .    p - ring of the Mage {Wiz Archmagi}
Will    +++..      Archmagi +    z - +4 ring of evasion
Stlth   +++++.....               J - ring of resist corrosion
HPRegen 0.36/turn                (no ring)
MPRegen 0.58/turn                (no ring)
                                 (no ring)
                                 (no ring)

@: about to teleport, very slightly contaminated
A: almost no armour, amphibious, 8 rings, camouflage 1, gelatinous body 1,
(nimble swimmer 1), tentacles
a: Renounce Religion, Channel Magic, Forget Spell, Divine Exegesis


You were on level 5 of the Lair of Beasts.
You worshipped Sif Muna.
Sif Muna was greatly pleased with you.
You visited 3 branches of the dungeon, and saw 18 of its levels.
You also visited: Sewer.

You collected 886 gold pieces.

Inventory:

Hand Weapons
 a - a +0 sling of flaming
 i - a +0 morningstar
 m - the +2 dagger "Jellyslayer" (weapon) {protect, rN+++ Will+++ Dex-4}
   (You found it on level 3 of the Dungeon)

   It grants its wielder temporary protection when it strikes (+7 to AC).
   Dex:       It affects your dexterity (-4).
   rN:        It renders you almost immune to negative energy.
   Will:      It greatly increases your willpower.
Missiles
 e - 31 poisoned darts
 M - 2 throwing nets
Armour
 w - a +2 hat (worn)
 Q - the -2 hat of the Alchemist {rElec rPois rF+ rC+ rN+ Will+ rMut rCorr}
   (You found it on level 11 of the Dungeon)

   rF:        It protects you from fire.
   rC:        It protects you from cold.
   rElec:     It insulates you from electricity.
   rPois:     It protects you from poison.
   rN:        It protects you from negative energy.
   rCorr:     It protects you from acid and corrosion.
   rMut:      It protects you from mutation.
   Will:      It increases your willpower.
Jewellery
 f - a ring of positive energy (left tentacle)
 n - an amulet of magic regeneration (around mantle)
 p - the ring of the Mage (right tentacle) {Wiz Archmagi}
   (You found it on level 4 of the Dungeon)

   [ring of wizardry]

   It improves your spell success rate.
   Archmagi:  It increases the power of your magical spells.
 z - a +4 ring of evasion (on tentacle)
 C - a ring of positive energy
 F - a ring of flight
 I - a ring of fire
 J - a ring of resist corrosion (on tentacle)
 N - a ring of ice
 V - an amulet of reflection
 W - an amulet of guardian spirit
Wands
 s - a wand of flame (53)
 x - a wand of mindburst (25)
 A - a wand of polymorph (6)
 B - a wand of acid (18)
 O - a wand of paralysis (12)
 R - a wand of digging (7)
 S - a wand of iceblast (2)
Scrolls
 d - 2 scrolls of amnesia
 g - 3 scrolls of vulnerability
 h - a scroll of torment
 j - 5 scrolls of enchant weapon
 q - 8 scrolls of blinking
 y - a scroll of magic mapping
 D - 8 scrolls of immolation
 H - a scroll of enchant armour {unknown}
 K - 5 scrolls of teleportation {@r4}
 P - a scroll of butterflies
 T - 2 scrolls of noise {unknown}
Potions
 b - 4 potions of haste {@q3}
 c - 3 potions of magic
 k - 4 potions of ambrosia
 l - 3 potions of flight
 o - 3 potions of degeneration
 r - 6 potions of curing {@q1}
 t - a potion of brilliance
 u - 3 potions of attraction
 v - a potion of invisibility
 E - 5 potions of mutation
 G - a potion of resistance {unknown}
 L - a potion of lignification {unknown}
 U - a potion of berserk rage
 X - a potion of cancellation {unknown}


   Skills:
 + Level 12.9 Fighting
 - Level 2.0 Dodging
 + Level 9.0 Stealth
 - Level 6.2 Spellcasting
 - Level 3.3 Conjurations
 - Level 3.0 Hexes
 - Level 3.0 Summonings
 - Level 7.4 Necromancy
 * Level 9.6 Transmutations
 - Level 5.1 Earth Magic
 - Level 9.5 Poison Magic
 - Level 9.0 Invocations


You had 2 spell levels left.
You knew the following spells:

 Your Spells              Type           Power      Damage    Failure   Level
a - Yara's Violent Unrav  Hex/Tmut       25%        3d11      8%          5
b - Vampiric Draining     Necr           56%        2d10      1%          3
c - Eringya's Noxious Bo  Tmut/Pois      32%        N/A       11%         6
d - Borgnjor's Vile Clut  Necr/Erth      25%        N/A       8%          5
x - Summon Guardian Gole  Hex/Summ       30%        N/A       3%          3

Your spell library contained the following spells:

 Spells                   Type           Power      Damage    Failure   Level
 Magic Dart               Conj           100%       1d8       1%          1
 Necrotise                Necr           100%       1d9       1%          1
 Call Imp                 Summ           30%        N/A       1%          2
 Cigotuvi's Dreadful Rot  Necr/Pois/Air  94%        N/A       1%          2
 Poisonous Vapours        Pois/Air       82%        N/A       1%          2
 Ensorcelled Hibernation  Hex/Ice        40%        N/A       2%          2
 Static Discharge         Conj/Air       42%        2-4/arc   2%          2
 Mephitic Cloud           Conj/Pois/Air  38%        N/A       1%          3
 Spider Form              Tmut/Pois      65%        N/A       1%          3
 Animate Dead             Necr           56%        N/A       1%          4
 Alistair's Intoxication  Tmut/Pois      43%        N/A       1%          5
 Dazzling Flash           Conj/Hex       62%        N/A       2%          3
 Tukima's Dance           Hex            30%        N/A       3%          3
 Anguish                  Hex/Necr       22%        N/A       4%          4
 Agony                    Necr           56%        N/A       4%          5
 Fulminant Prism          Conj/Hex       15%        3d11      10%         4
 Kindle Blastsparks       Fire/Tloc/Air  20%        2d11      11%         3
 Vhi's Electric Charge    Tloc/Air       20%        N/A       11%         3
 Lee's Rapid Deconstruct  Erth           22%        3d12*     12%         5
 Iskenderun's Mystic Bla  Conj/Tloc      21%        2d6       17%         4
 Passage of Golubria      Tloc           10%        N/A       32%         4
 Arcjolt                  Conj/Air       10%        1d20      43%         5
 Lightning Bolt           Conj/Air       10%        1d23      43%         5
 Silence                  Hex/Air        10%        N/A       45%         5
 Starburst                Conj/Fire      10%        6d5       92%         6
 Orb of Destruction       Conj           16%        9d7       99%         7
 Spellforged Servitor     Conj/Summ      15%        N/A       100%        7
 Lehudib's Crystal Spear  Conj/Erth      19%        10d6      100%        8


Dungeon Overview and Level Annotations

Branches:
Dungeon (12/15)            Temple (1/1) D:4            Lair (5/5) D:11
  Swamp (0/4) Lair:3       Spider (0/4) Lair:3        Slime (0/5) Lair:5
    Orc (0/2) D:9           Sewer (visited)

Altars:
Ashenzari
Cheibriados
Dithmenos
Elyvilon
Fedhas
Gozag
Hepliaklqana
Kikubaaqudgha
Makhleb
Nemelex Xobeh
Okawaru
Qazlal
Ru
Sif Muna
Trog
Uskayaw
Vehumet
Wu Jian
Xom
Yredelemnul
Zin
The Shining One

Portals:
Trove: D:11 (give 6 scrolls of butterflies)

Annotations:
D:4 exclusions: adder and phantom
D:5 exclusion: ogre
D:6 exclusions: ogre and ufetubus, Maggie
Lair:4 Nessos


Innate Abilities, Weirdness & Mutations

You cannot wear most types of armour.
You are amphibious.
You can wear up to eight rings at the same time.
Your skin changes colour to match your surroundings (Stealth+).
Your rubbery body absorbs attacks. (AC +1, EV +1)
((You are camouflaged when in or above water. (Stealth+)))
You have tentacles for arms and can constrict up to eight enemies at once.


Message History

The blink frog looks as sick as possible!
The blink frog misses you. The cane toad closely misses you.
The manticore misses you. The manticore closely misses you. x2
The five-headed hydra festers in the toxic bog!
The five-headed hydra looks as sick as possible!
The five-headed hydra escapes!
You fail to use your ability.
The blink frog festers in the toxic bog!
The blink frog looks as sick as possible!
The blink frog hits you!
The blink frog blinks!
The cane toad stings you.
The five-headed hydra festers in the toxic bog.
The five-headed hydra looks as sick as possible!
You kill the five-headed hydra!
Sif Muna accepts your kill.
The blink frog festers in the toxic bog!
The blink frog looks as sick as possible!
The manticore bites you! The manticore closely misses you.
The manticore misses you. The manticore attacks as you move away!
The manticore bites you!
The manticore claws you but does no damage.
The manticore barely misses you.
The blink frog festers in the toxic bog!
The blink frog looks as sick as possible!
You kill the blink frog!
Sif Muna accepts your kill.
Your Stealth skill increases to level 9!
As you read the scroll of teleportation {@r4}, it crumbles to dust.
You feel strangely unstable.
Your noxious spew wanes.
The cane toad stings you.
* * * LOW HITPOINT WARNING * * *
The cane toad stings you!!
* * * LOW HITPOINT WARNING * * *
The manticore closely misses you. x2; The manticore barely misses you.
The blink frog blinks!
You feel much better. The cane toad closely misses you.
The manticore bites you!!
* * * LOW HITPOINT WARNING * * *
The manticore claws you!
You die...

~~###~#~~~~P..............♣.~..~.
.~~~~~.#~~#~~#P.........P..~.~...
88~#~#~#~~##~~...........P♣~~~~~~
~~~~~~.#~~~~~~..........P
~~~#####~~~~~..P.........
~~~~~~⌠#~~#~....#........
~.~8~~~#~~##~..#.†.......
..##~~~#.P~~.............
~~~#~~~#~~~~..##@HF.§....
≈≈~#~P~#.~~#.P###F†......
≈≈~#~~.#~~.#.## #.†......
[~|#~~~#~~~~~ ..#.#..#. ####~~~#~
~~~ #....###.. 8~~.# .....# .
~~~⌠# ....... ......# ......##


You could see a manticore, a cane toad (very poisoned) and a blink frog
(extremely poisoned).

Vanquished Creatures
  2 hydras
  A merfolk avatar (Lair:5)
  3 death yaks
  A sea snake (Lair:5)
  A bog body (Lair:3)
  A lindwurm (Lair:5)
  A harpy (Lair:5)
  A cyclops (D:10)
  A manticore (Lair:5)
  7 elephants
  4 black mambas
  13 cane toads
  A torpor snail (Lair:5)
  2 kobold demonologists (D:11)
  3 rime drakes
  An unseen horror (D:10)
  7 komodo dragons
  2 trolls (D:11)
  3 polar bears
  3 hornets
  11 blink frogs
  12 dream sheep (Lair:5)
  2 jumping spiders (Lair:3)
  4 culicivoras (Lair:3)
  A vampire (D:11)
  A spriggan (D:11)
  3 yaks (Lair:1)
  5 wyverns
  2 steam dragons
  3 redbacks (Lair:3)
  A basilisk (Lair:3)
  Eustachio (D:5)
  2 vampire mosquitoes (D:10)
  2 acid dragons
  Duvessa (D:4)
  10 water moccasins
  2 ice beasts
  2 black bears
  9 orc warriors
  A sky beast (D:6)
  3 ogres
  2 phantoms
  4 wolves (Lair:3)
  3 centaurs
  2 lemures (D:6)
  2 kobold brigands
  12 bullfrogs
  A necrophage (D:6)
  A gnoll sergeant (D:11)
  8 scorpions
  Dowan (D:4)
  6 killer bees (D:10)
  An electric eel (Lair:5)
  4 hounds
  5 jellies
  5 orc priests
  2 iguanas (D:7)
  18 orc wizards
  A hell rat (Sewer)
  7 gnolls
  6 adders
  3 river rats (Sewer)
  2 shadow imps
  An ufetubus (D:5)
  4 worms
  3 dart slugs
  41 orcs
  6 endoplasms
  2 giant cockroaches
  3 goblins
  6 hobgoblins
  5 jackals
  5 quokkas
  5 ball pythons
  7 bats
  A frilled lizard (D:2)
  9 kobolds
  8 rats
338 creatures vanquished.

Vanquished Creatures (collateral kills)
  A worm (D:5)
  2 quokkas
  A frilled lizard (D:3)
4 creatures vanquished.

Vanquished Creatures (others)
  2 death yaks (Lair:3)
  Pikel (D:6)
  2 shadows
  A wraith (D:10)
  11 yaks
  2 lemures (D:6)
  A water moccasin zombie (D:5)
  A wight (D:8)
  3 gnolls (D:7)
  3 orc zombies (D:5)
  A bush (Lair:5)
  29 fungi
  68 plants
125 creatures vanquished.

Grand Total: 467 creatures vanquished

Notes
Turn   | Place    | Note
-------+----------+-------------------------------------------
     0 | D:1      | freelancePsychic the Octopode Necromancer began the quest
                  | for the Orb.
     0 | D:1      | Reached XP level 1. HP: 11/11 MP: 3/3
     2 | D:1      | You fall into a shaft and drop 1 floor!
   173 | D:2      | Identified the +1 plate armour of Lightning Storm {Rampage
                  | Dex+4}
   265 | D:2      | Reached XP level 2. HP: 18/18 MP: 3/5
   596 | D:2      | Reached skill level 1 in Fighting
   776 | D:1      | Reached XP level 3. HP: 13/23 MP: 0/6
  1690 | D:1      | Learned a level 3 spell: Vampiric Draining
  1782 | D:2      | HP: 1/23 [gnoll/+0 halberd (10)]
  2029 | D:2      | Reached skill level 2 in Fighting
  2029 | D:2      | Reached XP level 4. HP: 29/29 MP: 0/7
  2257 | D:2      | Found a faded altar of an unknown god.
  2360 | D:3      | Noticed a scorpion
  2441 | D:3      | Identified the +2 dagger "Jellyslayer" {protect, rN+++
                  | Will+++ Dex-4}
  2474 | D:3      | Killed a scorpion
  2475 | D:3      | Reached skill level 5 in Necromancy
  2475 | D:3      | Reached XP level 5. HP: 14/36 MP: 6/8
  2611 | D:3      | Found a white marble altar of Elyvilon.
  2883 | D:3      | Reached skill level 3 in Fighting
  3036 | D:3      | Reached XP level 6. HP: 42/42 MP: 2/9
  3198 | D:4      | Found the ring of the Mage {Wiz Archmagi}
  3210 | D:4      | Learned a level 4 spell: Animate Dead
  3487 | D:4      | Noticed Duvessa
  3499 | D:4      | Noticed Dowan
  3504 | D:4      | Killed Duvessa
  3506 | D:4      | Killed Dowan
  3507 | D:4      | Reached skill level 5 in Stealth
  3790 | D:4      | Found a staircase to the Ecumenical Temple.
  3994 | Temple   | Entered the Ecumenical Temple
  4099 | Temple   | Became a worshipper of Sif Muna the Loreminder
  4136 | D:5      | Entered Level 5 of the Dungeon
  4136 | D:5      | Found an ancient bone altar of Kikubaaqudgha.
  4138 | D:5      | Noticed a water moccasin
  4147 | D:4      | Reached skill level 4 in Fighting
  4147 | D:4      | Reached skill level 1 in Invocations
  4147 | D:4      | Reached XP level 7. HP: 48/48 MP: 0/10
  4178 | D:5      | Found a glowing drain.
  4189 | Sewer    | Entered a sewer
  4443 | D:5      | Identified the +0 robe of a Labyrinth {Str-2 Dex+5}
  4719 | D:5      | Reached skill level 5 in Fighting
  5055 | D:5      | Reached XP level 8. HP: 56/56 MP: 1/11
  5266 | D:5      | Reached * piety under Sif Muna
  5395 | D:5      | Reached skill level 6 in Fighting
  5525 | D:5      | Reached skill level 5 in Invocations
  5776 | D:6      | Noticed Maggie
  5981 | D:6      | Noticed Eustachio
  6079 | D:5      | Killed Eustachio
  6080 | D:5      | Reached skill level 7 in Fighting
  6348 | D:6      | Reached XP level 9. HP: 64/64 MP: 3/14
  6852 | D:6      | Learned a level 3 spell: Summon Guardian Golem
  6893 | D:6      | Noticed Pikel
  6916 | D:6      | Killed Pikel
  6917 | D:6      | Reached skill level 8 in Fighting
  6917 | D:6      | Reached skill level 1 in Hexes
  6917 | D:6      | Reached skill level 1 in Summonings
  7209 | D:7      | Noticed a hornet
  7218 | D:7      | Identified the +0 pearl dragon scales of Affis {Harm rPois
                  | rN+ rCorr Str-2 Int+5}
  7221 | D:7      | Killed a hornet
  7286 | D:7      | Reached ** piety under Sif Muna
  7525 | D:7      | Found a sacrificial altar of Ru.
  7944 | D:7      | Reached XP level 10. HP: 73/73 MP: 16/16
  8268 | D:8      | Found a burning altar of Makhleb.
  8268 | D:8      | Noticed a green death
  8638 | D:8      | Reached skill level 9 in Fighting
  8965 | D:8      | Reached skill level 1 in Conjurations
  9737 | D:9      | Found a snail-covered altar of Cheibriados.
  9744 | D:9      | Found an opulent altar of Gozag.
 10025 | D:9      | Identified a scroll of acquirement
 10026 | D:9      | Acquired Great Wizards, Vol. II
 10101 | D:9      | Reached skill level 1 in Earth Magic
 10202 | D:9      | Reached *** piety under Sif Muna
 10261 | D:9      | Learned a level 5 spell: Borgnjor's Vile Clutch
 10325 | D:9      | Reached skill level 10 in Fighting
 10495 | D:9      | Found a staircase to the Orcish Mines.
 10876 | D:10     | Entered Level 10 of the Dungeon
 10987 | D:10     | Reached XP level 11. HP: 81/81 MP: 17/17
 11194 | D:10     | Noticed a cyclops
 11307 | D:10     | Killed a cyclops
 12597 | D:11     | Reached skill level 11 in Fighting
 12752 | D:11     | Found a portal to a secret trove of treasure.
 12867 | D:11     | Reached skill level 5 in Earth Magic
 12970 | D:11     | Found a staircase to the Lair.
 13051 | D:11     | Found the -2 hat of the Alchemist {rElec rPois rF+ rC+ rN+
                  | Will+ rMut rCorr}
 13054 | D:11     | Reached **** piety under Sif Muna
 13128 | D:12     | Noticed a manticore
 13165 | Lair:1   | Entered Level 1 of the Lair of Beasts
 13201 | Lair:1   | Reached skill level 1 in Poison Magic
 13282 | Lair:1   | Reached skill level 1 in Transmutations
 13309 | Lair:1   | Identified the +3 rapier of Labuezy {drain, rCorr Str+4
                  | Dex+2}
 13335 | Lair:1   | Identified the +9 short sword of Gial {venom, rF- Will++
                  | Dex+4 SInv}
 13434 | Lair:1   | Reached skill level 5 in Spellcasting
 13853 | Lair:1   | Reached XP level 12. HP: 78/90 MP: 4/19
 14623 | Lair:2   | Reached skill level 5 in Poison Magic
 14900 | Lair:2   | Noticed a seven-headed hydra
 14936 | Lair:3   | Learned a level 6 spell: Eringya's Noxious Bog
 15350 | Lair:3   | Found a staircase to the Swamp.
 15359 | Lair:3   | Reached skill level 5 in Transmutations
 15646 | Lair:3   | Noticed a death yak
 15648 | Lair:3   | Noticed a death yak
 15654 | Lair:3   | Noticed a death yak
 15657 | Lair:3   | Killed a death yak
 15666 | Lair:3   | Killed a death yak
 15670 | Lair:3   | Killed a death yak
 15706 | Lair:3   | Found a hole to the Spider Nest.
 16631 | Lair:4   | Reached skill level 12 in Fighting
 16749 | Lair:4   | Noticed a five-headed hydra
 16760 | Lair:4   | Killed a five-headed hydra
 16894 | Lair:4   | Noticed Nessos
 16943 | Lair:4   | Reached XP level 13. HP: 76/97 MP: 17/22
 18001 | Lair:5   | Entered Level 5 of the Lair of Beasts
 18307 | Lair:4   | Learned a level 5 spell: Yara's Violent Unravelling
 18362 | Lair:5   | Found a staircase to the Slime Pits.
 18659 | Lair:5   | Paralysed by a hornet for 3 turns
 19117 | Lair:5   | Identified the +9 trident of the Big Bang {antimagic, rF++
                  | rN+ Stlth+}
 19174 | Lair:5   | Slain by a manticore

Illustrated notes

Levels and vault maps discovered:
D:1:      grunt_arrival_crossed_arrows, layout_basic
D:2:      layout_loops_ring, chequers_ecumenical_altar_lobes, skrybe_limestone_x
D:3:      layout_rooms, mainiacjoe_overflow_surrounded_room
D:4:      layout_cave_pools, minmay_temple_entry_junction, uniq_duvessa
D:5:      layout_loops_ring, mainiacjoe_overflow_catwalk,
          cheibrodos_sewer_entry_drain, nrook_mini_vaults,
          kennysheep_generic_room_16
D:6:      layout_loops_ring, minmay_between, uniq_maggie, uniq_pikel,
          uniq_eustachio
D:7:      layout_gridville, lemuel_doored_altar, minmay_checkerbox
D:8:      minmay_octagon_keep, layout_cave_pools, makhleb_altar_promises_db
D:9:      layout_loops_corners, amethyst_overflow_temple_binary,
          minmay_orc_entry_temple_small
D:10:     layout_basic
D:11:     layout_rooms, lair_entry_dummy, nicolae_trove_entry_columns,
          the_hattery
D:12:     layout_irregular_city, serial_shops, kennysheep_little_box,
          minmay_checkered_concentric_circles
Temple:   nicolae_temple_superstar
Lair:1:   layout_regular_city, grunt_megastairs_4, infiniplex_staircase_pool
Lair:2:   layout_roguey
Lair:3:   layout_regular_city, skrybe_swamp_entry_bodies,
          nicolae_spider_entry_tight_spaces
Lair:4:   layout_long_grid, uniq_nessos
Lair:5:   gammafunk_lair_ancient_temple, layout_layer_cave, slime_entry_1,
          nicolae_quartered_pool_super

Skill      XL: |  1  2  3  4  5  6  7  8  9 10 11 12 13 |
---------------+----------------------------------------+-----
Fighting       | 1 2 3 4 5 7 8 10 11 12 | 12.9
Stealth        | 3 4 5 9 |  9.0
Necromancy     | 5 6 7 |  7.4
Invocations    | 1 4 6 8 9 |  9.0
Hexes          | 3 |  3.0
Summonings     | 3 |  3.0
Spellcasting   | 4 5 6 |  6.2
Conjurations   | 3 |  3.3
Earth Magic    | 2 5 |  5.1
Poison Magic   | 3 8 9 |  9.5
Transmutations | 3 6 9 |  9.6
Dodging        | |  2.0

Action                   |  1- 3 |  4- 6 |  7- 9 | 10-12 | 13-15 || total
-------------------------+-------+-------+-------+-------+-------++-------
Melee: Unarmed           |    10 |       |       |       |       ||    10
       Constrict         |     5 |     8 |    36 |    25 |     1 ||    75
       Tentacles         |     2 |     5 |    59 |    71 |     8 ||   145
       Morningstar       |     8 |       |       |       |       ||     8
       Dagger            |       |    21 |   224 |   215 |    32 ||   492
       Punch             |       |     2 |     4 |     2 |     1 ||     9
 Fire: Sling             |     8 |       |       |       |       ||     8
 Cast: Necrotise         |    65 |    30 |     2 |       |       ||    97
       Vampiric Draining |       |    19 |    56 |   134 |     2 ||   211
       Animate Dead      |       |       |     3 |       |       ||     3
       Summon Guardian G |       |       |     8 |    24 |       ||    32
       Borgnjor's Vile C |       |       |       |    95 |    36 ||   131
       Eringya's Noxious |       |       |       |     2 |    20 ||    22
Invok: Channel Magic     |       |       |       |     5 |     1 ||     6
Evoke: Wand              |       |     8 |    10 |       |       ||    18
  Use: Scroll            |     2 |     6 |     8 |     9 |     4 ||    29
       Potion            |       |       |       |     1 |     2 ||     3
 Stab: Sleeping          |       |     2 |    10 |     6 |       ||    18
Armor: Skin              |     6 |     4 |    64 |    91 |     9 ||   174
Dodge: Dodged            |    60 |    23 |   194 |   368 |    59 ||   704

Table legend: (Time is in decaauts)
 A = Elapsed time spent in this place.
 B = Non-inter-level travel time spent in this place.
 C = Inter-level travel time spent in this place.
 D = Time resting spent in this place.
 E = Time spent auto-exploring this place.
 F = Levels seen in this place.
 G = Mean time per level.
                   A        B        C        D        E       F      G
               +--------+--------+--------+--------+--------+-----+--------+
         Total |  19314 |  18669 |    645 |   1032 |  14257 |  19 | 1016.5 |
       Dungeon |  13003 |  12472 |    531 |    641 |   9424 |  12 | 1083.6 |
        Temple |    117 |     93 |     24 |      0 |     73 |   1 |  117.0 |
          Lair |   6013 |   5923 |     90 |    391 |   4653 |   5 | 1202.6 |
         Sewer |    178 |    178 |      0 |      0 |    107 |   1 |  178.0 |
               +--------+--------+--------+--------+--------+-----+--------+

Top non-repeatable levels by time:
  Lair:4: 1966 daAuts
     D:5: 1529 daAuts
  Lair:3: 1522 daAuts
    D:10: 1492 daAuts
     D:9: 1380 daAuts
     D:6: 1372 daAuts
     D:8: 1211 daAuts
     D:2: 1177 daAuts
     D:1: 1174 daAuts
     D:7: 1060 daAuts
  Lair:1: 1006 daAuts
     D:4: 952 daAuts
     D:3: 854 daAuts
    D:11: 788 daAuts
  Lair:5: 772 daAuts
